 Dungeon Crawl Stone Soup version 0.24-a0-408-gcc1054c7ca (console) character file.

Game seed: 2053976158807436913

6662 Dragon00 the Cleaver (level 10, -7/92 HPs)
             Began as a Minotaur Berserker on June 5, 2019.
             Was an Elder of Trog.
             Killed from afar by an electric eel (8 damage)
             ... with a bolt of electricity
             ... on level 9 of the Dungeon.
             The game lasted 00:35:52 (8344 turns).

Dragon00 the Cleaver (Minotaur Berserker)           Turns: 8344, Time: 00:35:53

Health: -7/92      AC: 18    Str: 23    XL:     10   Next: 73%
Magic:  9/9        EV: 11    Int:  4    God:    Trog [****..]
Gold:   456        SH:  0    Dex: 12    Spells: 9/9 levels left

rFire    . . .     SeeInvis .   a - +0 battleaxe
rCold    . . .     Gourm    +   (shield currently unavailable)
rNeg     . . .     Faith    .   n - +0 plate armour
rPois    .         Spirit   .   (helmet restricted)
rElec    .         Reflect  .   v - +1 cloak
rCorr    .         Harm     .   u - +0 pair of gloves
MR       ++...                  (no boots)
Stlth    ..........             o - amulet of the gourmand
HPRegen  1.25/turn              j - ring of stealth
MPRegen  0.11/turn              (no ring)

@: regenerating, very slow
A: retaliatory headbutt, horns 2
a: Berserk, Trog's Hand, Brothers in Arms, Renounce Religion


You were on level 9 of the Dungeon.
You worshipped Trog.
Trog was greatly pleased with you.
You were very full.

You visited 2 branches of the dungeon, and saw 10 of its levels.

You collected 456 gold pieces.

Inventory:

Hand Weapons
 a - a +0 battleaxe (weapon)
 s - a +0 whip
Missiles
 e - 145 stones
 g - 41 sling bullets
 m - a throwing net
 q - 4 boomerangs (quivered)
Armour
 n - a +0 plate armour (worn)
 u - a +0 pair of gloves (worn)
 v - a +1 cloak (worn)
Jewellery
 h - an uncursed ring of protection from cold
 j - a ring of stealth (left hand)
 o - an amulet of the gourmand (around neck)
Wands
 k - a wand of acid (6)
Scrolls
 b - 5 scrolls of teleportation
 f - 11 scrolls of remove curse
Potions
 d - 2 potions of brilliance
 i - a potion of agility {unknown}
 l - a potion of flight
 p - a potion of invisibility {unknown}
 r - 4 potions of curing
 w - 2 potions of heal wounds
Comestibles
 c - 13 rations
 t - 8 chunks of flesh


   Skills:
 + Level 9.7 Fighting
 * Level 12.3 Axes
 + Level 9.3 Armour
 + Level 8.5 Dodging


You had 9 spell levels left.
You didn't know any spells.
Your spell library was empty.

Dungeon Overview and Level Annotations

Branches:
Dungeon (9/15)             Temple (1/1) D:4            Lair (0/6) D:9
    Orc: D:9-12

Altars:
Ashenzari
Cheibriados
Dithmenos
Elyvilon
Fedhas
Gozag
Hepliaklqana
Kikubaaqudgha
Makhleb
Nemelex Xobeh
Okawaru
Qazlal
Ru
Sif Muna
Trog
Uskayaw
Vehumet
Wu Jian
Xom
Yredelemnul
Zin
The Shining One

Shops:
D:5 *


Innate Abilities, Weirdness & Mutations

You reflexively headbutt those who attack you in melee.
You have a pair of horns on your head.


Message History

The bolt of electricity hits you.
The electric eel shoots out a bolt of lightning at you!
The bolt of electricity hits the electric eel.
The electric eel completely resists.
The bolt of electricity hits you!
* * * LOW HITPOINT WARNING * * *
The freed slave hits the electric eel.
The electric eel shoots out a bolt of lightning at you!
The bolt of electricity hits the electric eel.
The electric eel completely resists.
The bolt of electricity hits you!
* * * LOW HITPOINT WARNING * * *
The freed slave closely misses the electric eel.
The electric eel shoots out a bolt of lightning at you!
The bolt of electricity hits you.
* * * LOW HITPOINT WARNING * * *
The electric eel shoots out a bolt of lightning at you!
The bolt of electricity hits you.
* * * LOW HITPOINT WARNING * * *
The electric eel shoots out a bolt of lightning at you!
The bolt of electricity hits you!
You die...

▓.......▓▓ ▓▓.▓▓▓▓))▓
▓▓ ▓▓.........▓▓▓▓..
▓ ▓................
.................. ▓.
▓..............
▓.▓▓..............
▓▓▓▓..▓....<..p......
.........†...$.......
..≈≈..≈.≈.......?....
...≈..≈≈@≈≈≈..≈≈.....
(..≈≈≈≈≈≈≈≈≈≈≈≈≈≈≈...
.≈≈≈≈;;≈..≈≈≈≈≈≈≈≈≈..
...≈≈≈p.≈...≈≈≈≈.....
.≈≈.≈≈≈....≈≈≈≈≈≈≈...
..≈≈≈≈..>............
≈.≈≈≈≈≈.....≈≈≈≈≈≈≈.
..≈≈≈≈.≈.;≈≈≈≈≈≈≈≈
.≈.≈≈≈≈≈≈≈≈≈≈.≈≈≈
.≈≈≈≈.≈≈≈≈≈≈≈≈.≈


You could see 3 electric eels and 2 neutral freed slaves.

Vanquished Creatures
  Harold (D:7)
  Pikel (D:9)
  Maurice (D:8)
  A troll (D:9)
  A hippogriff (D:8)
  Sigmund (D:2)
  3 wyverns
  A hungry ghost (D:8)
  A water moccasin (D:8)
  2 orc warriors
  2 black bears (D:9)
  3 ice beasts
  2 slaves (D:9)
  A sky beast (D:5)
  3 phantoms
  An eye of draining (D:9)
  5 ogres
  3 wolves (D:9)
  3 centaurs
  3 bullfrogs
  2 scorpions
  A howler monkey (D:6)
  A bullfrog zombie (D:6)
  2 crimson imps
  8 hounds
  A centaur skeleton (D:8)
  A quasit (D:9)
  A gnoll shaman (D:8)
  5 orc priests
  7 orc wizards
  2 iguanas
  2 bullfrog skeletons
  Natasha (twice) (D:2)
  4 worker ants
  A killer bee zombie (D:9)
  2 worker ant zombies
  16 gnolls
  A howler monkey skeleton (D:6)
  9 adders
  2 shadow imps
  An ooze (D:1)
  3 worms
  2 dart slugs
  6 leopard geckos
  33 orcs
  7 giant cockroaches
  13 goblins
  13 hobgoblins
  15 jackals
  9 kobolds
  7 quokkas
  A ball python (D:2)
  10 bats
  5 frilled lizards
  A giant cockroach zombie (D:6)
  3 jackal skeletons
  6 rats
244 creatures vanquished.

Vanquished Creatures (collateral kills)
  An ogre (D:6)
  A scorpion (D:6)
  A crimson imp (D:6)
3 creatures vanquished.

Vanquished Creatures (others)
  An electric eel (D:9)
1 creature vanquished.

Grand Total: 248 creatures vanquished

Notes
Turn   | Place    | Note
-------+----------+-------------------------------------------
     0 | D:1      | Dragon00 the Minotaur Berserker began the quest for the
                  | Orb.
     0 | D:1      | Reached XP level 1. HP: 19/19 MP: 0/0
    56 | D:1      | Reached XP level 2. HP: 20/27 MP: 1/1
   183 | D:1      | Reached skill level 4 in Axes
   323 | D:1      | Reached XP level 3. HP: 30/33 MP: 2/2
   401 | D:1      | Reached ** piety under Trog
   631 | D:2      | Noticed Natasha
   637 | D:2      | Killed Natasha
   637 | D:2      | Reached XP level 4. HP: 41/41 MP: 3/3
   803 | D:2      | Found a sparkling altar of Nemelex Xobeh.
   823 | D:2      | Found an opulent altar of Gozag.
   891 | D:2      | Noticed Natasha
   906 | D:2      | Killed Natasha
   906 | D:2      | Reached XP level 5. HP: 38/47 MP: 4/4
   961 | D:2      | Noticed Sigmund
   972 | D:2      | Killed Sigmund
   972 | D:2      | Reached skill level 5 in Fighting
   972 | D:2      | Reached skill level 5 in Axes
   972 | D:2      | Reached XP level 6. HP: 47/56 MP: 5/5
  1404 | D:3      | Found a shimmering altar of Xom.
  1406 | D:3      | Found a shimmering altar of Xom.
  1406 | D:3      | Found a shimmering altar of Xom.
  1408 | D:3      | Found a shimmering altar of Xom.
  1408 | D:3      | Found a shimmering altar of Xom.
  1411 | D:3      | Found a shimmering altar of Xom.
  1411 | D:3      | Found a shimmering altar of Xom.
  1677 | D:3      | Reached *** piety under Trog
  1967 | D:3      | Found a burning altar of Makhleb.
  1967 | D:3      | Found a hide-covered altar of Uskayaw.
  1972 | D:3      | Found a stormy altar of Qazlal.
  1974 | D:3      | Found a radiant altar of Vehumet.
  1976 | D:3      | Found a white marble altar of Elyvilon.
  2221 | D:4      | Reached skill level 6 in Axes
  2221 | D:4      | Reached skill level 5 in Armour
  2221 | D:4      | Reached XP level 7. HP: 56/62 MP: 6/6
  2542 | D:4      | Received a gift from Trog
  2769 | D:4      | Found a shadowy altar of Dithmenos.
  2840 | D:4      | Reached skill level 7 in Axes
  2840 | D:4      | Reached skill level 5 in Dodging
  2888 | D:4      | Found a staircase to the Ecumenical Temple.
  2894 | Temple   | Entered the Ecumenical Temple
  3000 | D:5      | Entered Level 5 of the Dungeon
  3187 | D:5      | Found Upukhleb's General Store.
  3208 | D:5      | Reached XP level 8. HP: 54/71 MP: 7/7
  3450 | D:5      | Found an opulent altar of Gozag.
  3585 | D:5      | Reached skill level 8 in Axes
  3664 | D:5      | Found a deep blue altar of Sif Muna.
  4719 | D:6      | Reached skill level 9 in Axes
  5023 | D:7      | Reached XP level 9. HP: 79/79 MP: 8/8
  5069 | D:7      | Noticed Harold
  5096 | D:7      | Killed Harold
  5096 | D:7      | Reached skill level 10 in Axes
  5990 | D:7      | Reached **** piety under Trog
  6309 | D:8      | Found a sacrificial altar of Ru.
  6413 | D:8      | Received a gift from Trog
  6778 | D:8      | Noticed Maurice
  6960 | D:8      | Reached skill level 11 in Axes
  6960 | D:8      | Reached XP level 10. HP: 90/90 MP: 9/9
  6970 | D:8      | Found an ancient bone altar of Kikubaaqudgha.
  7256 | D:8      | Found a sacrificial altar of Ru.
  7355 | D:8      | Found an ancient bone altar of Kikubaaqudgha.
  7662 | D:8      | Killed Maurice
  8106 | D:9      | Noticed Pikel
  8121 | D:9      | Killed Pikel
  8129 | D:9      | Reached skill level 12 in Axes
  8333 | D:9      | Found a staircase to the Lair.
  8344 | D:9      | HP: 1/92 [electric eel/bolt of electricity (4)]
  8344 | D:9      | Killed from afar by an electric eel

Levels and vault maps discovered:
D:1:      nicolae_arrival_memento_mori, layout_loops_ring
D:2:      layout_basic, nemelex_xobeh_ov_fountains_minmay,
          nicolae_gozag_seed_capital, uniq_natasha, uniq_sigmund
D:3:      layout_loops_ring, nicolae_xom_altar_mimics,
          chequers_temple_overflow_minitemple
D:4:      layout_basic, old_standard_altar, minmay_temple_entry_enclosed_plants,
          hangedman_feature_mirror, minmay_bent
D:5:      layout_loops_cross, kennysheep_mini, lemuel_coloured_pillars_altar,
          first_ration, serial_shops, nicolae_shop_crystal
D:6:      layout_basic
D:7:      layout_basic, uniq_harold
D:8:      layout_loops_cross, lemuel_round_altar, marbit_many_paths,
          uniq_maurice
D:9:      layout_rooms, erik_lair_island, uniq_pikel
Temple:   zaba_magenta_temple

Skill      XL: |  1  2  3  4  5  6  7  8  9 10 |
---------------+-------------------------------+-----
Axes           | 4 5 6 7 9 11 12 | 12.3
Fighting       | 4 5 6 7 8 9 |  9.7
Armour         | 3 4 5 7 8 9 |  9.3
Dodging        | 3 4 5 6 7 8 |  8.5

Action                   |  1- 3 |  4- 6 |  7- 9 | 10-12 || total
-------------------------+-------+-------+-------+-------++-------
Melee: Hand axe          |    75 |   155 |   171 |       ||   401
       Headbutt          |    10 |    33 |    71 |    23 ||   137
       Battleaxe         |       |       |   123 |    94 ||   217
Throw: Boomerang         |       |       |    74 |     5 ||    79
Invok: Trog's Hand       |     1 |     1 |     9 |     5 ||    16
       Berserk           |     1 |       |     3 |     1 ||     5
  Use: Scroll            |       |       |    13 |     3 ||    16
  Eat: Chunk             |       |     6 |    36 |    11 ||    53
       Ration            |       |       |       |     2 ||     2
Armor: Animal skin       |     1 |       |       |       ||     1
       Ring mail         |    19 |    50 |     5 |       ||    74
       Scale mail        |       |       |    29 |       ||    29
       Plate armour      |       |       |    89 |    97 ||   186
Dodge: Dodged            |    55 |    61 |   171 |    76 ||   363

Table legend:
 A = Non-vault XP
 B = Vault XP
 C = Vault XP percentage of total XP
 D = Non-vault monster count
 E = Vault monster count
 F = Vault count percentage of total count
                 A         B        C        D         E       F
            +---------+---------+-------+---------+---------+-------
      Total |    6070 |    3448 |  36.2 |     230 |      15 |   6.1
            +---------+---------+-------+---------+---------+-------
        D:1 |      64 |       0 |   0.0 |      33 |       0 |   0.0
        D:2 |     134 |     262 |  66.2 |      30 |       2 |   6.2
        D:3 |     139 |       0 |   0.0 |      30 |       0 |   0.0
        D:4 |     690 |       6 |   0.9 |      15 |       2 |  11.8
        D:5 |     634 |       0 |   0.0 |      21 |       0 |   0.0
        D:6 |     703 |       0 |   0.0 |      17 |       0 |   0.0
        D:7 |    1098 |    1034 |  48.5 |      29 |       1 |   3.3
        D:8 |    1120 |     721 |  39.2 |      32 |       2 |   5.9
        D:9 |    1488 |    1425 |  48.9 |      23 |       8 |  25.8
            +---------+---------+-------+---------+---------+-------
